[Event "*** Titled Tuesday Blitz"]
[Site "Chess.com"]
[Date "2020.04.21"]
[Round "1"]
[White "Ginger_GM"]
[Black "Ladislav1969"]
[Result "0-1"]
[WhiteElo "2590"]
[BlackElo "2304"]
[TimeControl "180+1"]
[EndTime "10:08:39 PDT"]
[Termination "Ladislav1969 won by resignation"]

1. d4 Nf6 2. Nf3 g6 3. Bf4 Bg7 4. Nc3 d5 5. e3 O-O 6. Be2 b6 7. Ne5 c5 8. h4 Nfd7 9. h5 Nxe5 10. dxe5 Bb7 11. Bf3 e6 12. Qd2 Nd7 13. e4 Nxe5 14.
O-O-O d4 15. Nb1 Nc4 16. Qe1 Qf6 17. Bd2 Nxd2 18. Nxd2 d3 19. e5 Qxe5 20. Qxe5 Bxe5 21. Bxb7 Rab8 22. Be4 dxc2 23. Bxc2 Rfd8 24. Nf3 Bf4+ 25. Kb1 b5 26. g3 Bc7 27. g4 Bf4 28. Rxd8+ Rxd8 29. Rd1 Rd5 30. Ne1 c4 31. Ng2 Be5 32. Rxd5 exd5 33.
f4 Bd4 34. f5 Be5 35. b3 d4 36. Be4 d3 37. bxc4 bxc4 38. Ne3 gxf5 39. gxf5 d2 40. Kc2 c3 41. Nd5 Kg7 42. Bf3 Kh6 43. Nxc3 Kg5 44. Nd5 Kxf5 45. a4 Bf4 46. Kd3 Bh6 47.
Be4+ Ke5 48. Nc3 f5 49. Bf3 Bg5 50. a5 h6 51. a6 Kf4 52. Bd1 Kg3 53. Nb5 f4 54.
Nxa7 f3 55. Nb5 f2 56. Nd4 f1=Q+ 57. Ne2+ Kf2 58. a7 Qxd1 59. a8=Q Qxe2+ 60. Kc3 d1=Q 61. Qf8+ Kg2 62. Qa8+ Qf3+ 63. Qxf3+ Qxf3+ 64. Kc4 Qxh5 65. Kd4 Qg4+ 66. Ke5 h5 67. Kd5 h4 68. Ke5 h3 69.
Kd5 h2 70. Ke5 h1=Q 0-1

[Event "*** Titled Tuesday Blitz"]
[Site "Chess.com"]
[Date "2020.04.21"]
[Round "1"]
[White "MITerryble"]
[Black "krasavetc"]
[Result "1-0"]
[WhiteElo "2857"]
[BlackElo "2448"]
[TimeControl "180+1"]
[EndTime "10:08:42 PDT"]
[Termination "MITerryble won by checkmate"]

1. Nf3 Nf6 2. d4 g6 3. Bg5 Bg7 4. c3 O-O 5. Nbd2 d5 6. e3 c6 7.
Be2 Bg4 8. Qb3 Qb6 9. h3 Bxf3 10. Bxf3 Qxb3 11. axb3 Nbd7 12. b4 a6 13. Nb3 Rfe8 14. O-O e5 15. Bh4 e4 16. Be2 Bf8 17. Bg3 Re6 18. Nc5 Bxc5 19. bxc5 Ne8 20. Ra4 Ng7 21.
Rb4 Ra7 22. Ra1 h5 23. Ra3 Nf5 24. Bh2 a5 25. Rba4 b6 26. cxb6 Nxb6 27. Rxa5 Rxa5 28.
Rxa5 Re7 29. b4 Rb7 30. Be5 Kf8 31. g4 hxg4 32. hxg4 Nh4 33. Bf6 Nf3+ 34. Bxf3 exf3 35. b5 cxb5 36. Rxb5 Ke8 37. Kh2 Kd7 38. Kg3 Kc6 39.
Rc5+ Kd6 40. Be5+ Ke6 41. Rc6+ Kd7 42. Rd6+ Ke7 43. Kxf3 Nc4 44. Rxd5 Rb2 45. Rc5 Nd2+ 46. Kf4 Nb3 47. Rc7+ Ke6 48. f3 Nc1 49. Rc6+ Kd7 50. Rf6 Ke7 51. c4 Ne2+ 52. Ke4 Nc3+ 53. Kd3 Nd1 54. d5 Nf2+ 55. Kc3 Re2 56. d6+ Ke8 57.
Bd4 Nd1+ 58. Kd3 Ra2 59. c5 Ra3+ 60. Kc4 Ra2 61. c6 Rc2+ 62. Kd5 Nf2 63. d7+ Ke7 64. Rxf7+ Kxf7 65. d8=Q Nd3 66. Qd7+ Kf8 67. Qg7+ Ke8 68. Qxg6+ Kd8 69. Qd6+ Ke8 70. Qd7+ Kf8 71. Qg7+ Ke8 72. Qg8+ Ke7 73. Qh7+ Ke8 74. Qxd3 Ra2 75. Ke6 Kd8 76.
Bb6+ Kc8 77. Qd8# 1-0

[Event "*** Titled Tuesday Blitz"]
[Site "Chess.com"]
[Date "2020.04.21"]
[Round "1"]
[White "Yanidze"]
[Black "gmcorrales"]
[Result "1-0"]
[WhiteElo "2468"]
[BlackElo "2834"]
[TimeControl "180+1"]
[EndTime "10:08:42 PDT"]
[Termination "Yanidze won by checkmate"]

1. d4 Nf6 2. c4 g6 3. Nc3 d5 4.
cxd5 Nxd5 5. g3 Bg7 6. Bg2 Nb6 7. Nf3 O-O 8. O-O Nc6 9. e3 Re8 10. d5 Na5 11. e4 c6 12. dxc6 Nxc6 13. Qe2 Bg4 14. Be3 Ne5 15. Rfd1 Qc8 16. Rac1 Qe6 17. Bxb6 axb6 18. Nd5 Rec8 19. Nc7 Rxc7 20. Rxc7 h5 21. Qe3 Nxf3+ 22. Bxf3 Rxa2 23. Bxg4 hxg4 24. Rdd7 Bf6 25. e5 Bxe5 26. Rd8+ Kg7 27. Rcc8 Ra1+ 28. Kg2 Kf6 29.
Rc2 Qf5 30. Re2 Bd6 31. Qd4+ Be5 32. Qe3 Bd6 33. Qe4 Qf3+ 34. Qxf3+ gxf3+ 35. Kxf3 b5 36. Rc8 b4 37. Rcc2 Ra2 38. b3 Ra5 39. Rc4 Rf5+ 40.
Kg2 Ra5 41. g4 Ra3 42. h4 Kg7 43. Re3 Kf6 44. Rd3 Ke6 45. Kf3 b5 46. Re4+ Kd7 47.
h5 Ra1 48. Kg2 gxh5 49. g5 Ra8 50. f4 Rg8 51. Rh3 Kc6 52. Rxh5 Kd5 53. Re1 Kd4 54. Kf3 Kc3 55. Re3+ Kb2 56. Rh7 Ka3 57. Rxf7 Rh8 58.
Kg4 Rh1 59. g6 Rg1+ 60. Kf5 Rf1 61. g7 Rxf4+ 62. Kg6 Rg4+ 63. Kf5 Rf4+ 64. Ke6 Rg4 65. Rh3 Ka2 66. Rh8 Kxb3 67. g8=Q Rxg8 68. Rxg8 Ka3 69. Rf3+ b3 70. Ra8+ Kb2 71. Rh8 Ka2 72. Ra8+ Kb2 73.
Kd5 b4 74. Kc4 Kc2 75. Rxb3 Be5 76. Ra2+ Kc1 77. Re2 Bc3 78. Rxc3+ bxc3 79. Kxc3 e5 80. Re1# 1-0

[Event "*** Titled Tuesday Blitz"]
[Site "Chess.com"]
[Date "2020.04.21"]
[Round "1"]
[White "wadsy27"]
[Black "AnishGiri"]
[Result "1-0"]
[WhiteElo "2490"]
[BlackElo "3009"]
[TimeControl "180+1"]
[EndTime "10:08:43 PDT"]
[Termination "wadsy27 won by checkmate"]

1. c4 e5 2. g3 Nf6 3. Bg2 c6 4. d4 e4 5. Nc3 d5 6. cxd5 cxd5 7. Bg5 Nbd7 8. Qb3 h6 9. Bf4 g5 10. Be5 Qa5 11. f3 Bb4 12. Nh3 Nxe5 13. dxe5 Nd7 14.
O-O Bxc3 15. bxc3 Nxe5 16. f4 Nc4 17. fxg5 Nd2 18. Qd1 Nxf1 19. Qxf1 Bxh3 20. Bxh3 Qb6+ 21. Kg2 hxg5 22. Rd1 Rd8 23. Qf5 Qe6 24. Qxe6+ fxe6 25. Bxe6 Rh6 26. Bxd5 Rhd6 27. c4 b5 28. Rf1 bxc4 29. Bxc4 Rc8 30. Bb5+ Ke7 31. Rf5 g4 32. Rf4 Rd4 33.
Rxg4 Kf6 34. Bd3 Re8 35. Kf2 a5 36. Rf4+ Kg7 37. Bb5 Re5 38. a4 e3+ 39. Kf3 Rd1 40.
Kg4 Rh1 41. h4 Rh2 42. Rd4 Rf2 43. Rd6 Rf8 44. Ra6 Rd8 45. Rxa5 Rd4+ 46. Kh3 Rf5 47. Ra6 Rf1 48. Re6 Rh1+ 49. Kg2 Rb1 50. Rxe3 Rb2 51.
Kf3 Kf6 52. Re4 Rd1 53. e3 Rdd2 54. Kg4 Rg2 55. Rf4+ Kg7 56. e4 Rg1 57. Rf3 Rb4 58.
Re3 Rb2 59. Kg5 Kf7 60. g4 Rbg2 61. Bd7 Ke7 62. Bf5 Ra2 63. h5 Rxa4 64. h6 Rh1 65. h7 Ra7 66. Rc3 Ra8 67. Rc7+ Kf8 68. Kf6 Ra6+ 69.
Kg5 Ra8 70. e5 Re8 71. e6 Rh2 72. Rf7# 1-0

[Event "*** Titled Tuesday Blitz"]
[Site "Chess.com"]
[Date "2020.04.21"]
[Round "1"]
[White "Chessmasterzt"]
[Black "Bastiandash"]
[Result "1-0"]
[WhiteElo "2497"]
[BlackElo "1982"]
[TimeControl "180+1"]
[EndTime "10:08:44 PDT"]
[Termination "Chessmasterzt won by resignation"]

1. Nf3 Nf6 2. c4 e6 3. g3 d5 4. Bg2 Be7 5. O-O O-O 6. d4 b6 7. cxd5 exd5 8. Nc3 Bb7 9. Bf4 Bd6 10. Ne5 Nbd7 11. Nb5 Be7 12. Rc1 c5 13. dxc5 bxc5 14. Nc3 Nb6 15. Na4 Nxa4 16. Qxa4 Qb6 17. Nd3 Rfd8 18.
Be3 d4 19. Bg5 Bxg2 20. Kxg2 Rac8 21. Bxf6 Bxf6 22. Qc4 Be7 23. Rc2 Rc7 24. Rfc1 Rdc8 25. h4 g6 26. Kg1 Kg7 27. Nf4 Rd7 28. Qa4 Rb7 29. Qc4 Rd7 30. Qd3 Qf6 31. Qe4 Qc6 32.
Qxc6 Rxc6 33. Nd3 Rdc7 34. Rc4 Kf6 35. b4 Ke6 36. bxc5 Kd5 37. Nb4+ Ke6 38. Nxc6 Rxc6 39.
Rxd4 Ke5 40. Rdc4 Kd5 41. Kg2 f5 42. e3 h6 43. R4c2 g5 44. hxg5 hxg5 45. Rd1+ Ke5 46.
Rdc1 g4 47. Rc4 Kd5 48. Rf4 Ke5 49. Ra4 a6 50. Rd4 Ke6 51. Rf4 Ke5 52. e4 fxe4 53. Rc4 Bxc5 54. Rfxe4+ Kd5 55. Rxg4 Rb6 56. Rc2 Bd4 57.
Rd2 Rb4 58. Rgxd4+ Rxd4 59. Rxd4+ Kxd4 60. g4 Kc3 61. g5 Kb2 62. g6 Kxa2 63. g7 Kb1 64.
g8=Q a5 65. Qa8 a4 66. Qxa4 1-0

[Event "*** Titled Tuesday Blitz"]
[Site "Chess.com"]
[Date "2020.04.21"]
[Round "1"]
[White "agus_k"]
[Black "Hangar-18"]
[Result "1-0"]
[WhiteElo "2578"]
[BlackElo "2222"]
[TimeControl "180+1"]
[EndTime "10:08:45 PDT"]
[Termination "agus_k won by checkmate"]

1. d4 Nf6 2. Nf3 g6 3. c4 Bg7 4.
Nc3 O-O 5. g3 d6 6. Bg2 Nc6 7. O-O Bg4 8. h3 Bxf3 9. Bxf3 Nd7 10. e3 e5 11. Ne2 f5 12. b3 Qf6 13.
Bb2 Rae8 14. Bg2 Qd8 15. Rb1 Kh8 16. b4 Nxb4 17. Qb3 c5 18. a3 Nc6 19. Qxb7 Na5 20.
Qa6 exd4 21. Nf4 dxe3 22. Bxg7+ Kxg7 23. Bd5 exf2+ 24. Rxf2 Rf6 25. Qxa7 Re7 26. Re2 Kh6 27. Rbe1 Rxe2 28. Rxe2 Nb3 29. Ne6 Qe7 30. Nf4 Qd8 31. Re6 Rxe6 32. Nxe6 Qe8 33. Qb7 Nd4 34. Nxd4 cxd4 35.
Qb2 Qe3+ 36. Qf2 Qc1+ 37. Kg2 Qxa3 38. Qf4+ Kg7 39. Qxd4+ Ne5 40. Qf2 Qc5 41. Qb2 Kh6 42.
Qd2+ Kg7 43. Qc3 Kf6 44. Qb2 h5 45. Qb8 Nd3 46. Qd8+ Kg7 47. Qe7+ Kh6 48. Qe2 Ne5 49. Qd2+ Kg7 50. Qb2 Qc7 51. Qa1 Qe7 52. Qd4 Kh7 53.
Qc3 Nd7 54. Qb2 Nc5 55. Qd2 h4 56. gxh4 Qxh4 57. Qe3 Qf6 58. Qd2 f4 59. Kf3 g5 60. Qc2+ Kh6 61. Bg8 Qe7 62. Bd5 Qe3+ 63. Kg4 Qg3+ 64. Kf5 Qxh3+ 65. Kf6 Nd7+ 66. Ke7 Ne5 67.
Kf6 Nd7+ 68. Ke7 Ne5 69. Bg8 Ng6+ 70. Kf6 f3 71. Qxg6# 1-0

[Event "*** Titled Tuesday Blitz"]
[Site "Chess.com"]
[Date "2020.04.21"]
[Round "1"]
[White "GuerrieroFromLevant"]
[Black "Rozum_Ivan"]
[Result "0-1"]
[WhiteElo "2390"]
[BlackElo "2753"]
[TimeControl "180+1"]
[EndTime "10:08:47 PDT"]
[Termination "Rozum_Ivan won by resignation"]

1. e4 c5 2. Nf3 d6 3. Bb5+ Bd7 4.
Bxd7+ Qxd7 5. c4 Nf6 6. Nc3 Nc6 7. d4 cxd4 8. Nxd4 Qg4 9. O-O Qxd1 10. Rxd1 Rc8 11. b3 Nxd4 12. Rxd4 g6 13. Bb2 Bg7 14. Rd2 O-O 15. Re1 Nd7 16. Nd5 Rfe8 17. f3 a6 18. Kf1 b5 19. cxb5 axb5 20. Ree2 Bxb2 21. Rxb2 Rc1+ 22.
Kf2 Ne5 23. Rbc2 Ra1 24. Rc7 Kf8 25. f4 Nd3+ 26. Ke3 Nc5 27. Rc2 f5 28. e5 Ne6 29.
Rb7 dxe5 30. fxe5 Re1+ 31. Re2 Rxe2+ 32. Kxe2 g5 33. Nc7 Nxc7 34. Rxc7 Ra8 35. Kf3 Rxa2 36. Rc5 Kf7 37. Rxb5 Ke6 38. g4 Rxh2 39. Rb6+ Kxe5 40.
Rb5+ Ke6 41. Rxf5 h6 42. b4 Rh3+ 43. Kg2 Rb3 44. b5 Rb4 45. Kg3 Rb3+ 46. Kg2 Kd6 47. Kf2 Rb4 48. Kg3 Rb3+ 49. Kg2 Rc3 50. Rf7 Rc5 51.
Rh7 Rxb5 52. Rxh6+ Ke5 53. Rg6 Kf4 54. Re6 Re5 55. Ra6 Kxg4 56. Ra4+ Kf5 57. Kf3 Rd5 58. Rb4 e6 59. Ke3 Rc5 60. Kf3 Rc3+ 61. Kf2 e5 62.
Kg2 e4 63. Kf2 Kf4 64. Rb8 Rc2+ 65. Ke1 Ke3 66. Rb3+ Kf4 67. Rb8 Ra2 68. Rb3 g4 69.
Kf1 g3 70. Rc3 Ra1+ 71. Kg2 Ra2+ 72. Kf1 Rf2+ 73. Kg1 Rd2 74. Kf1 Rd3 75. Rc2 Kf3 76. Rc1 e3 77. Kg1 e2 0-1

[Event "*** Titled Tuesday Blitz"]
[Site "Chess.com"]
[Date "2020.04.21"]
[Round "1"]
[White "nfds"]
[Black "Grineva_Marianna"]
[Result "1-0"]
[WhiteElo "2552"]
[BlackElo "2170"]
[TimeControl "180+1"]
[EndTime "10:08:48 PDT"]
[Termination "nfds won by checkmate"]

1. d4 g6 2. Nf3 Bg7 3. Bf4 d6 4.
e3 Nf6 5. Bc4 O-O 6. O-O c6 7.
Nc3 Bg4 8. h3 Bxf3 9. Qxf3 Nbd7 10. Bh2 e5 11. Bb3 Qe7 12. Rfe1 Rad8 13. a4 a5 14.
Rad1 e4 15. Qe2 d5 16. Bc7 Ra8 17. Nb1 Ne8 18. Bh2 f5 19. c4 dxc4 20. Bxc4+ Kh8 21. Nc3 Nd6 22. Bb3 g5 23. Kh1 Nf6 24. d5 c5 25. Nb5 Nfe8 26. Rc1 b6 27. Bc4 Be5 28.
Bxe5+ Qxe5 29. b3 Rd8 30. Rcd1 Rd7 31. Qh5 Rg7 32. Qh6 Rf6 33. Qh5 Qe7 34. Nxd6 Nxd6 35. Ba6 Qf8 36. Qe2 Rfg6 37. g3 Rh6 38. Kg2 Qf6 39. Rh1 f4 40. Qd2 fxg3 41. fxg3 Qf3+ 42. Kh2 Qh5 43. Qg2 Rf7 44. Be2 Qg6 45. Rhf1 Qg7 46. Bg4 Rhf6 47. Rxf6 Rxf6 48. Rf1 h6 49. Be6 Qf8 50. Rxf6 Qxf6 51. Qe2 Kg7 52. Kg2 Qe5 53. Qf2 Qf6 54. Kf1 Qxf2+ 55. Kxf2 Kf6 56. h4 Ke5 57.
hxg5 hxg5 58. Kg2 b5 59. axb5 Nxb5 60. Kh3 Nd6 61. Kg4 Kf6 62. Bg8 c4 63. bxc4 a4 64.
c5 Nc8 65. d6 a3 66. d7 Ne7 67. d8=Q a2 68. Bxa2 Kg6 69. Qd6+ Kg7 70. Qxe7+ Kh6 71. Qxg5+ Kh7 72. Qg8+ Kh6 73. Kf4 Kh5 74. g4+ Kh4 75. Qh8# 1-0

[Event "*** Titled Tuesday Blitz"]
[Site "Chess.com"]
[Date "2020.04.21"]
[Round "1"]
[White "drd_davi"]
[Black "Slovak_fighter2000"]
[Result "1/2-1/2"]
[WhiteElo "2393"]
[BlackElo "2553"]
[TimeControl "180+1"]
[EndTime "10:08:49 PDT"]
[Termination "Game drawn - insufficient material"]

1. e4 e6 2. d4 d5 3. Nc3 Nf6 4. Bg5 dxe4 5. Nxe4 Be7 6. Bxf6 gxf6 7. Nf3 f5 8. Nc3 a6 9. Qe2 b5 10. O-O-O b4 11.
Na4 Bd7 12. Nc5 Bb5 13. Qe5 Bf6 14. Qe3 Qd5 15. Kb1 Nc6 16. g3 Bxf1 17. Rhxf1 a5 18. Rfe1 O-O-O 19. Qd3 Nb8 20. Re3 Be7 21. Ne5 Bxc5 22. dxc5 Qxc5 23. Qe2 Rxd1+ 24. Qxd1 Rd8 25. Qe1 f6 26. Nd3 Qb5 27. Rxe6 Nd7 28. Qh1 Kb8 29. Qf3 Nb6 30. Qc6 Qxc6 31. Rxc6 Nd5 32. Rc5 Kb7 33. Rxa5 c6 34. a3 bxa3 35. bxa3 Re8 36.
Ra4 Nc3+ 37. Kb2 Nxa4+ 38. Kb3 Nb6 39. Nc5+ Kc7 40. c3 Nd5 41. Nd3 Re7 42. Kc4 Rd7 43. Nc5 Nb6+ 44. Kb4 Rd5 45. Ne6+ Kd7 46. Nf4 Rd2 47. h4 Rb2+ 48. Kc5 Rxf2 49. Nd3 Rd2 50. Kd4 Nd5 51. c4 Nc7 52. Kc3 Ne6 53. Kxd2 Kd6 54.
Ke3 c5 55. Nf4 Nd4 56. Nd5 Nc2+ 57. Kd3 Nxa3 58. Nxf6 h6 59. Ng8 Ke5 60. Nxh6 f4 61. gxf4+ Kxf4 62. Nf7 Kg4 63. Nd6 Kxh4 64. Nb7 Nxc4 65.
Nxc5 1/2-1/2

[Event "*** Titled Tuesday Blitz"]
[Site "Chess.com"]
[Date "2020.04.21"]
[Round "1"]
[White "luca_va99"]
[Black "JulAnt"]
[Result "1/2-1/2"]
[WhiteElo "2062"]
[BlackElo "2496"]
[TimeControl "180+1"]
[EndTime "10:08:51 PDT"]
[Termination "Game drawn by repetition"]

1. d4 Nf6 2. c4 d6 3. Nc3 Nbd7 4. e4 g6 5. Nf3 Bg7 6. Be2 e5 7. O-O O-O 8. Re1 c6 9. Bf1 Qe7 10. Rb1 a5 11. a3 Re8 12. b4 Nf8 13. d5 Bg4 14. h3 Bxf3 15. Qxf3 c5 16. bxc5 dxc5 17. Bg5 h6 18. Be3 Rec8 19. Rb5 Ne8 20. Reb1 Rc7 21. Na4 Nd6 22. Bxc5 Qd7 23. Bxd6 Qxd6 24. Rxb7 Qd7 25. Rxc7 Qxc7 26. c5 Nd7 27. Qc3 Bf8 28. d6 Qc8 29.
Bb5 Rb8 30. Qxa5 Nxc5 31. Rc1 Bxd6 32. Bf1 Ra8 33. Rxc5 Qf8 34. Qb5 Rxa4 35. Qxa4 Bxc5 36. Qb5 Bxa3 37. Qxe5 Bd6 38. Qd5 Qe7 39. Qd3 Qe5 40.
g3 h5 41. Qf3 Kg7 42. Kg2 Qe7 43. Be2 Be5 44. Qe3 Qd6 45. f4 Bd4 46. Qd3 Qc5 47. h4 Qb6 48. Qf3 Bc5 49. Bf1 Qb2+ 50. Qe2 Qd4 51.
Kh3 Qg1 52. Qg2 Qe3 53. Qe2 Qd4 54. Bg2 Qd7+ 55. Kh2 Qd4 56. Kh3 Qf6 57. Qf3 Qb6 58. Kh2 Qb4 59. Kh3 Qe1 60. f5 Bd4 61. fxg6 fxg6 62.
Qd3 Qf2 63. Qc4 Qf6 64. Qd5 Be5 65. Qb7+ Kh8 66. Qb3 Qe7 67. Qf3 Qd7+ 68. Kh2 Qd6 69. Bh3 Qd2+ 70. Bg2 Qd6 71. Kh3 Qd7+ 72. Kh2 Qd6 1/2-1/2

[Event "*** Titled Tuesday Blitz"]
[Site "Chess.com"]
[Date "2020.04.21"]
[Round "1"]
[White "Willychess95"]
[Black "kingofkolkata"]
[Result "1-0"]
[WhiteElo "2584"]
[BlackElo "2229"]
[TimeControl "180+1"]
[EndTime "10:08:52 PDT"]
[Termination "Willychess95 won by checkmate"]

1. e4 e5 2. Nf3 Nc6 3. Bc4 Nf6 4. Ng5 d5 5. exd5 Na5 6. Bb5+ c6 7. dxc6 bxc6 8. Qf3 Be7 9. Bd3 O-O 10. Nc3 h6 11. Nge4 Nd5 12. Ng3 Nf4 13. Bf5 Bxf5 14. Nxf5 Bf6 15.
d3 Ng6 16. O-O Rc8 17. Ne4 Bg5 18. Be3 Nb7 19. Bxa7 c5 20. Nxg5 hxg5 21. Qxb7 Rc7 22. Qb6 Qd7 23. Ne3 Rxa7 24. Qxc5 Rc8 25. Qb4 Rb7 26. Qa3 Ra7 27. Qb3 Rb7 28. Qd5 Qxd5 29. Nxd5 Rxc2 30. b3 Rd7 31. Ne3 Rd2 32. Rfd1 R2xd3 33. Rxd3 Rxd3 34. b4 Ra3 35. b5 Ne7 36. b6 Nc6 37. g3 Kh7 38. Rc1 Na5 39. Rc2 Kg6 40. g4 Nb7 41. Rc7 Na5 42. b7 Nxb7 43. Rxb7 Rxa2 44. Rb6+ f6 45. Kg2 Ra4 46. h3 Rf4 47.
Rb7 Kh7 48. Nf5 Kh8 49. Nxg7 e4 50. Nf5 Rf3 51. Ne3 Rf4 52. Rb5 Kg7 53. Rf5 Kg6 54. Kg3 Rxf5 55. Nxf5 Kf7 56. Nd6+ Ke6 57. Nxe4 Ke5 58.
Nd2 f5 59. gxf5 Kxf5 60. h4 gxh4+ 61. Kxh4 Kf4 62. Kh3 Kf5 63. Kg3 Ke5 64. f4+ Kf5 65. Kf3 Kf6 66. Ke4 Ke6 67. f5+ Kf6 68. Kf4 Kf7 69. Ke5 Ke7 70. f6+ Kf7 71. Kf5 Kf8 72. Ke6 Ke8 73. f7+ Kf8 74. Nb3 Kg7 75. Ke7 Kg6 76.
f8=Q Kg5 77. Qf3 Kh4 78. Qg2 Kh5 79. Kf6 Kh4 80. Nc1 Kh5 81. Qg5# 1-0

[Event "*** Titled Tuesday Blitz"]
[Site "Chess.com"]
[Date "2020.04.21"]
[Round "1"]
[White "ehrenfeld"]
[Black "abhijeetgupta1016"]
[Result "1/2-1/2"]
[WhiteElo "2472"]
[BlackElo "2916"]
[TimeControl "180+1"]
[EndTime "10:08:54 PDT"]
[Termination "Game drawn - insufficient material"]

1. e4 c5 2. d3 Nc6 3. f4 g6 4.
Nf3 Bg7 5. Be2 d6 6. O-O e6 7. c3 Nge7 8. Be3 O-O 9. d4 b6 10. Nbd2 Bb7 11. a3 Rc8 12. b4 Qd7 13. Rc1 Rfd8 14.
Bd3 a6 15. Qe2 b5 16. Kh1 cxd4 17. cxd4 d5 18. e5 Nb8 19. Rc5 Nf5 20. Bf2 Bf8 21.
Rxc8 Rxc8 22. g4 Ne7 23. Nb3 Rc4 24. Nc5 Qc8 25. Bh4 Nbc6 26. Bf2 a5 27. bxa5 Nxa5 28. Nxb7 Qxb7 29. f5 exf5 30. gxf5 b4 31. axb4 Rxb4 32. fxg6 hxg6 33. e6 f6 34. Rg1 Rb2 35. Qe3 Nc4 36. Qf4 Rxf2 37. Qxf6 Rxf3 38. Qxf3 Nd6 39. Bxg6 Nxg6 40.
Rxg6+ Bg7 41. h3 Qb1+ 42. Rg1 Qf5 43. Qxf5 Nxf5 44. Rg5 Ne7 45. Kg2 Kf8 46. Rg4 Nc6 47. Rf4+ Ke8 48. Rf7 Bxd4 49. Rd7 Nb4 50. Kf3 Bf6 51. Kg4 Be7 52. Kf5 Bc5 53. h4 d4 54.
h5 Nc6 55. h6 Ne7+ 56. Ke4 Ng6 57. h7 Be7 58. Rxd4 Kf8 59. Rd5 Kg7 60. Rh5 Nh8 61. Kf5 Bf6 62. Rh3 Bd4 63. e7 Kf7 64. Rg3 Kxe7 65.
Rg8 Kf7 66. Rxh8 Bxh8 67. Kf4 Kg7 68. Kf5 Kh6 69. Kf4 Kxh7 1/2-1/2

[Event "*** Titled Tuesday Blitz"]
[Site "Chess.com"]
[Date "2020.04.21"]
[Round "1"]
[White "SahaNeelash"]
[Black "Morshynska"]
[Result "1-0"]
[WhiteElo "2533"]
[BlackElo "2133"]
[TimeControl "180+1"]
[EndTime "10:08:57 PDT"]
[Termination "SahaNeelash won on time"]

1. d4 d5 2. Bf4 Nf6 3. e3 e6 4. Nf3 Bd6 5. Bg3 O-O 6. Nbd2 c5 7. c3 Nc6 8. Bd3 Qe7 9. Ne5 g6 10. Nxc6 bxc6 11. Qa4 Bd7 12. Bxd6 Qxd6 13. Qa3 Rab8 14.
Nb3 e5 15. Nxc5 e4 16. Be2 Kg7 17. b4 Bg4 18. h3 Bxe2 19. Kxe2 Ra8 20. Qc1 Nd7 21.
Nxd7 Qxd7 22. c4 Qb7 23. Qc3 f5 24. Rab1 a6 25. Rhc1 Rac8 26. Kf1 g5 27. Qd2 f4 28.
Kg1 Qd7 29. cxd5 cxd5 30. Rxc8 Qxc8 31. Rc1 Qd7 32. Qc2 Rf7 33. Qc8 Qd6 34. Qc5 Qh6 35.
Qxd5 f3 36. Qxe4 fxg2 37. Kxg2 Qf6 38. Qe5 Qxe5 39. dxe5 Rb7 40. a3 Kg6 41. f4 Kf5 42. Kf3 gxf4 43. exf4 Rd7 44. Rc3 Rd1 45. a4 Rf1+ 46.
Kg2 Ra1 47. b5 axb5 48. axb5 Rb1 49. Rc5 Kxf4 50. e6 Re1 51. Rc6 Kf5 52. b6 Kf6 53.
Kg3 Rb1 54. Kh4 Ke7 55. Kg5 Rb3 56. h4 Rb4 57. Kh6 Rxh4+ 58. Kg7 Rg4+ 59. Kxh7 Rb4 60.
Kg6 Rb1 61. Kf5 Rf1+ 62. Ke5 Rb1 63. Kd5 Rb2 64. Rc7+ Kd8 65. Kc6 Rc2+ 66. Kb7 Re2 67. Rd7+ Ke8 68. Rd6 Rc2 69. Kb8 Ke7 70. Rd3 Kxe6 71. b7 Rc4 72. Ra3 1-0

[Event "*** Titled Tuesday Blitz"]
[Site "Chess.com"]
[Date "2020.04.21"]
[Round "1"]
[White "machupichu10"]
[Black "Usurpov"]
[Result "0-1"]
[WhiteElo "2765"]
[BlackElo "2423"]
[TimeControl "180+1"]
[EndTime "10:08:58 PDT"]
[Termination "Usurpov won by resignation"]

1. d4 Nf6 2. Nf3 g6 3. c4 Bg7 4. g3 O-O 5. Bg2 c6 6. O-O d5 7. Qb3 a5 8. c5 Ne4 9. Nc3 f5 10.
Bf4 Kh8 11. Be5 Nd7 12. Bxg7+ Kxg7 13. Na4 e6 14. Rfe1 Qf6 15. e3 e5 16. Rac1 h6 17. Nb6 Nxb6 18. dxe5 Qe7 19. Qxb6 a4 20. Qb4 Bd7 21. Nd4 b5 22. f3 Ng5 23. f4 Ne6 24. Bf3 Kh7 25. Rc2 Rg8 26. Rg2 Raf8 27.
Nxe6 Bxe6 28. Qd4 g5 29. Be2 g4 30. b3 axb3 31. axb3 Ra8 32. Bd3 Ra3 33. Qb4 Rga8 34. Rd2 Kg7 35. Qc3 Qa7 36. Qc2 Qf7 37. h3 h5 38. hxg4 hxg4 39. Rh2 Ra1 40. Rxa1 Rxa1+ 41. Kf2 Qa7 42. Be2 Ra2 43. Qc1 Qa5 44. Qh1 Bg8 45.
Qe1 Qa3 46. Qb1 Rb2 47. Qxf5 Rxe2+ 48. Kxe2 Qb2+ 49. Ke1 Qxh2 50. Qxg4+ Kf8 51. f5 Qh1+ 52. Kd2 Qe4 53. Kc3 Qxg4 54. e6 Qe4 55. f6 Qe5+ 56. Kb4 Bxe6 57. g4 Qxe3 58. Ka5 Qf4 59. b4 Qxg4 60. Kb6 Qxb4 61. Kxc6 Qc4 62. Kd6 Kf7 63.
c6 b4 64. c7 b3 65. c8=Q Qxc8 66. Ke5 Qc7+ 67. Kd4 Qf4+ 68. Kc5 Qc4+ 69. Kd6 d4 70. Ke5 Qd5+ 71. Kf4 d3 72. Ke3 d2 73. Ke2 d1=Q+ 74.
Ke3 Q1d4+ 75. Ke2 Q5e5+ 76. Kf3 Qdf4+ 0-1

[Event "*** Titled Tuesday Blitz"]
[Site "Chess.com"]
[Date "2020.04.21"]
[Round "1"]
[White "amintabatabaei"]
[Black "renehp"]
[Result "1-0"]
[WhiteElo "2829"]
[BlackElo "2435"]
[TimeControl "180+1"]
[EndTime "10:09:06 PDT"]
[Termination "amintabatabaei won by resignation"]

1. e4 c5 2. Nf3 d6 3. d4 cxd4 4.
Nxd4 Nf6 5. Nc3 a6 6. Be2 e5 7.
Nb3 Be7 8. Be3 Be6 9. Qd3 Nc6 10. a3 Rc8 11. Nd5 Bxd5 12. exd5 Na5 13. Nxa5 Qxa5+ 14. Bd2 Qxd5 15. Qxd5 Nxd5 16. Bf3 Nf6 17. Bxb7 Rxc2 18.
b4 O-O 19. Bxa6 d5 20. Bd3 Rb2 21. Kd1 e4 22. Be2 Rc8 23. Rc1 Ra8 24. Rc7 Bd6 25. Rc6 Be5 26. Bc1 Ra2 27. f4 Bd4 28. Re1 h6 29. g4 e3 30. Bf3 Rf2 31. Bxe3 Rxf3 32.
Bxd4 Rd3+ 33. Kc2 Rxd4 34. Kb3 Rd3+ 35. Rc3 Rxc3+ 36. Kxc3 Rxa3+ 37. Kd4 Kf8 38. Rb1 Ra8 39. b5 Rb8 40. g5 hxg5 41. fxg5 Ne4 42. h4 Nxg5 43. hxg5 Ke7 44. Kxd5 Kd7 45. b6 Kc8 46. Kc6 Kd8 47. Rd1+ Ke7 48. Re1+ Kd8 49. b7 f5 50.
gxf6 gxf6 51. Re6 f5 52. Rf6 Ke7 53. Rxf5 Ke6 54. Rf1 Rh8 55. Re1+ Kf5 56. Kc7 Rh7+ 57. Kb6 Rh6+ 58. Ka7 Rh2 59. b8=Q Ra2+ 60. Kb7 Rb2+ 61. Kc8 1-0

[Event "*** Titled Tuesday Blitz"]
[Site "Chess.com"]
[Date "2020.04.21"]
[Round "1"]
[White "Evgeny81"]
[Black "2nd_life"]
[Result "1-0"]
[WhiteElo "2736"]
[BlackElo "2386"]
[TimeControl "180+1"]
[EndTime "10:09:09 PDT"]
[Termination "Evgeny81 won by resignation"]

1. d4 Nf6 2. c4 g6 3. Nc3 Bg7 4. e4 O-O 5. Nf3 d6 6. Be2 e5 7. Be3 exd4 8. Nxd4 Re8 9. f3 c6 10.
Bf2 d5 11. exd5 cxd5 12. O-O Nc6 13. c5 Nh5 14. Bb5 Bd7 15. Bxc6 bxc6 16. Qd2 Qc7 17. Nde2 Be5 18. g3 Ng7 19. Bd4 Nf5 20. Bxe5 Qxe5 21. Rae1 Ne3 22. Rf2 Nc4 23. Qc1 Bh3 24. b3 Na5 25. Rd1 Nb7 26. Nf4 Bd7 27. Nce2 a5 28.
Nd4 Qf6 29. Re2 Rxe2 30. Nfxe2 Re8 31. Qc3 Qe7 32. Rc1 h5 33. Kf2 Qg5 34. h4 Qe7 35. a3 Kh7 36. b4 axb4 37. axb4 Nd8 38. Nf4 Qf6 39. Qd3 Ne6 40. Nfe2 Nxd4 41. Nxd4 Qe5 42. Qd2 Rb8 43. Re1 Qf6 44. Re3 Re8 45. Rxe8 Bxe8 46. Qe3 Bd7 47. Qd2 Kg7 48. Qe3 Kg8 49. Ke1 Kf8 50.
Kd2 Qe7 51. Qxe7+ Kxe7 52. Ke3 f6 53. Kf4 Kf7 54. g4 hxg4 55. fxg4 Kg7 56. g5 Kf7 57. Nf3 Kg7 58. gxf6+ Kxf6 59. Ne5 Be8 60. Ng4+ Ke6 61. Nf2 d4 62. Ke4 d3 63. Nxd3 Bd7 64. Nf4+ Kf6 65. Nd3 Be8 66. Ne5 Ke6 67. Kf4 Kf6 68.
Nf3 Ke6 69. Ng5+ Kd5 70. Ne4 Kc4 71. Nd6+ Kxb4 72. Nxe8 Kxc5 73. Kg5 Kd5 74. Nf6+ Kd4 75. Nd7 c5 76. Nxc5 1-0

[Event "*** Titled Tuesday Blitz"]
[Site "Chess.com"]
[Date "2020.04.21"]
[Round "1"]
[White "MathiasWomacka"]
[Black "rasmussvane"]
[Result "0-1"]
[WhiteElo "2452"]
[BlackElo "2879"]
[TimeControl "180+1"]
[EndTime "10:09:12 PDT"]
[Termination "rasmussvane won by resignation"]

1. e4 c6 2. d4 d5 3. Nd2 dxe4 4. Nxe4 Nf6 5. Nxf6+ exf6 6. Bc4 Bd6 7.
Qe2+ Be7 8. Nf3 O-O 9. O-O Bd6 10. Re1 Na6 11. Bd2 Nc7 12. Qe4 f5 13. Qh4 Qxh4 14. Nxh4 Bd7 15. Nf3 h6 16. a4 Rad8 17. a5 Be6 18.
Bxe6 Nxe6 19. c4 Rd7 20. Bc3 Rfd8 21. a6 b6 22. d5 cxd5 23. cxd5 Nc7 24. Nd4 Nxd5 25.
Nxf5 Nxc3 26. Nxd6 Rxd6 27. bxc3 R6d7 28. Kf1 Rc8 29.
Re3 g6 30. Ke2 Rc5 31. Rd3 Re5+ 32. Kd2 Rde7 33. Re3 Rxe3 34. fxe3 Kf8 35. Ra4 Rc7 36.
Kd3 Rc5 37. e4 Ke7 38. Kd4 Kd6 39. Ra2 Ke6 40. g3 Rc6 41. c4 h5 42. h4 Rc7 43.
Ra3 f6 44. Ra2 Rc5 45. Ra3 Kd6 46. Ra2 Ke7 47. Ra3 Ke6 48. Ra2 Rc7 49. Ra3 Rd7+ 50.
Ke3 Rd8 51. Rd3 Rxd3+ 52. Kxd3 Kd6 53. Kd4 Kc6 54. e5 fxe5+ 55. Kxe5 Kc5 56. Kf6 Kxc4 57. Kxg6 b5 58. Kxh5 b4 59. g4 b3 60. g5 b2 61.
g6 b1=Q 62. Kh6 Qb6 63. h5 Qxa6 64. Kh7 Qb7+ 65. g7 Qf7 66. h6 Kd4 67. Kh8 Qf6 68. Kh7 Qf5+ 69. Kh8 Qe5 70. Kh7 Qe4+ 71. Kh8 Qe5 72.
Kh7 Qf5+ 73. Kh8 Qf6 74. Kh7 Qf7 75. Kh8 Qg6 76. g8=Q Qxh6+ 77. Qh7 Qxh7+ 78. Kxh7 a5 0-1